 Dungeon Crawl Stone Soup version 0.26-a0-21-gf97e55dc39 (webtiles) character file.

Game seed: 4438594169816760369, levelgen mode: deterministic

131 tilp the Bolt Thrower (level 5, -8/33 HPs)
             Began as a Kobold Arcane Marksman on May 26, 2020.
             Mangled by an ogre
             ... wielding a +0 giant spiked club
              (26 damage)
             ... on level 3 of the Dungeon.
             The game lasted 00:06:06 (3032 turns).

tilp the Bolt Thrower (Kobold Arcane Marksman)      Turns: 3032, Time: 00:06:07

Health: -8/33      AC:  6    Str:  8    XL:     5   Next: 37%
Magic:  6/6        EV: 14    Int: 14    God:
Gold:   138        SH:  0    Dex: 16    Spells: 5/6 levels left

rFire    . . .     SeeInvis .   a - +0 hand crossbow
rCold    . . .     Gourm    .   (shield restricted)
rNeg     . . .     Faith    .   p - +0 leather armour
rPois    .         Spirit   .   g - +2 helmet
rElec    .         Reflect  .   (no cloak)
rCorr    .         Harm     .   (no gloves)
MR       .....                  (no boots)
Stlth    +.........             q - amulet of magic regeneration
HPRegen  0.11/turn              (no ring)
MPRegen  0.35/turn              (no ring)

@: no status effects
A: small, carnivore
a: no special abilities


You were on level 3 of the Dungeon.
You were very full.

You visited 1 branch of the dungeon, and saw 4 of its levels.

You collected 138 gold pieces.

Inventory:

Hand Weapons
 a - a +0 hand crossbow (weapon)
 b - a +1 hand axe of flaming
Missiles
 d - 35 bolts (quivered)
 i - 34 poisoned darts
Armour
 e - a +0 robe
 g - a +2 helmet (worn)
 o - a +0 plate armour
 p - a +0 leather armour (worn)
 t - a +0 kite shield
Jewellery
 j - an uncursed ring of positive energy {unknown}
 q - an amulet of magic regeneration (around neck)
Scrolls
 f - a scroll of blinking
 h - a scroll of fear {unknown}
 k - a scroll of fog {unknown}
 l - a scroll of remove curse
 n - 2 scrolls of teleportation
Potions
 r - 2 potions of heal wounds
 v - a potion of degeneration {unknown}
 w - a potion of stabbing {unknown}
 x - a potion of haste {unknown}
Comestibles
 c - 4 rations


   Skills:
 - Level 4.0 Fighting
 + Level 4.5 Crossbows
 - Level 2.4 Dodging
 - Level 1.1 Spellcasting
 - Level 3.0 Hexes


You had 5 spell levels left.
You knew the following spells:

 Your Spells              Type           Power        Failure   Level  Hunger
a - Corona                Hex            #......      11%         1    ##.....

Your spell library contained the following spells:

 Spells                   Type           Power        Failure   Level  Hunger
 Slow                     Hex            #.......     17%         2    ###....
 Inner Flame              Hex/Fire       #.......     52%         3    ####...
 Portal Projectile        Hex/Tloc       #.....       52%         3    ####...
 Cause Fear               Hex            #.........   73%         4    #####..
 Leda's Liquefaction      Hex/Erth       #.........   90%         4    #####..


Dungeon Overview and Level Annotations

Branches:
Dungeon (4/15)
 Temple: D:4-7

Altars:
Cheibriados
Ru

Annotations:
D:4 Blork the orc, Natasha


Innate Abilities, Weirdness & Mutations

You are small and have problems with some larger weapons.
You are carnivorous and can eat meat at any time.


Message History

Aim: an ogre, wielding a +0 giant spiked club (severely wounded)
You shoot a bolt.
The bolt hits the ogre but does no damage.
The ogre is severely wounded.
The ogre closely misses you.
Firing (i - inventory. (/) - cycle)
d - 37 bolts (quivered)
Press: ? - help, Shift-Dir - straight line, f/p - ogre
Aim: an ogre, wielding a +0 giant spiked club (severely wounded)
You shoot a bolt. The bolt barely misses the ogre.
The ogre closely misses you.
Firing (i - inventory. (/) - cycle)
d - 36 bolts (quivered)
Press: ? - help, Shift-Dir - straight line, f/p - ogre
Aim: an ogre, wielding a +0 giant spiked club (heavily wounded)
You shoot a bolt. The bolt hits the ogre.
The ogre is severely wounded.
You aren't carrying any items that you can evoke.
You see here a bolt.
The ogre hits you with a +0 giant spiked club!!
Ouch! That really hurt!
You die...

# #...##.##.....(....)# #
#.#.##.###.########.#### #
##.#..#.###.# #....##
###...........# ####..##
....##.....#..## ##......#
##....#....#...## ###....####
###....#..#[....###......# #
#....###....#..........#
###...###.......@O..##..(#
.##..#..#......#######.>.#
.##.#...)#...### #...#
....#.....##.# #...#
#............# #####
##........###############
.....##...# #...##......#
####..#.#.###...##......######
####...^........÷....≈.......#


You could see an ogre.

Vanquished Creatures
  A hound (D:3)
  A worker ant (D:3)
  2 adders
  An ooze (D:3)
  2 worms
  2 dart slugs
  3 leopard geckos
  An orc (D:3)
  A giant cockroach (D:2)
  2 goblins (D:3)
  6 hobgoblins
  4 jackals (D:1)
  3 quokkas
  4 bats
  3 frilled lizards
  3 kobolds
  5 rats
44 creatures vanquished.

Notes
Turn   | Place    | Note
-------+----------+-------------------------------------------
     0 | D:1      | tilp the Kobold Arcane Marksman began the quest for the
                  | Orb.
     0 | D:1      | Reached XP level 1. HP: 12/12 MP: 2/2
   192 | D:1      | Reached XP level 2. HP: 17/17 MP: 3/3
  1287 | D:2      | Reached XP level 3. HP: 12/23 MP: 4/4
  1902 | D:3      | Found a snail-covered altar of Cheibriados.
  1981 | D:3      | Reached XP level 4. HP: 25/29 MP: 5/5
  2585 | D:3      | Found a sacrificial altar of Ru.
  2708 | D:3      | Reached XP level 5. HP: 33/33 MP: 6/6
  2740 | D:4      | Noticed Natasha
  2740 | D:4      | Noticed an ogre
  2969 | D:4      | Noticed an ogre
  2970 | D:4      | Noticed Blork the orc
  3032 | D:3      | Mangled by an ogre

Illustrated notes

Levels and vault maps discovered:
D:1:      dpeg_arrival_arbitrary_c, layout_basic, feat_on_display
D:2:      minmay_skewed_foursquare, layout_basic
D:3:      layout_rooms, overflow_temple_1_default, first_ration,
          minmay_misc_feat_chi, chequers_serial_rivers_small_a,
          nicolae_ru_awakened_eye
D:4:      layout_cave_pools, hellmonk_ghost_happy_afterlife, serial_shops,
          kennysheep_little_box, uniq_natasha, uniq_crazy_yiuf_cottage,
          uniq_blork_the_orc

Skill      XL: |  1  2  3  4 |
---------------+-------------+-----
Fighting       | 2 3 4 |  4.0
Crossbows      | 4 |  4.5
Dodging        | |  2.4
Spellcasting   | |  1.1
Hexes          | |  3.0

Action                   |  1- 3 |  4- 6 || total
-------------------------+-------+-------++-------
Melee: Hand axe          |    14 |    29 ||    43
       Whip              |    12 |       ||    12
 Fire: Hand crossbow     |    72 |    32 ||   104
  Use: Scroll            |     6 |     1 ||     7
  Eat: Chunk             |    12 |     2 ||    14
Armor: Robe              |     6 |       ||     6
       Leather armour    |    10 |    10 ||    20
Dodge: Dodged            |    42 |    41 ||    83

Table legend:
 A = Non-vault XP
 B = Vault XP
 C = Vault XP percentage of total XP
 D = Non-vault monster count
 E = Vault monster count
 F = Vault count percentage of total count
                 A         B        C        D         E       F
            +---------+---------+-------+---------+---------+-------
      Total |     186 |       2 |   1.1 |      43 |       1 |   2.3
            +---------+---------+-------+---------+---------+-------
        D:1 |      25 |       0 |   0.0 |      14 |       0 |   0.0
        D:2 |      32 |       2 |   5.9 |       9 |       1 |  10.0
        D:3 |     126 |       0 |   0.0 |      19 |       0 |   0.0
        D:4 |       3 |       0 |   0.0 |       1 |       0 |   0.0
            +---------+---------+-------+---------+---------+-------
